BlackHawks vs Canucks

Created - 4 janvier 2021 at 21:48

Goals
1 2 3 T
BlackHawks 1 0 2 3
Canucks 0 2 0 2
Shots
1 2 3 T
BlackHawks 8 5 7 20
Canucks 13 11 11 35

1st period

1. BlackHawks , Jake Virtanen 4 (Phillip Danault 22, Justin Faulk 12) at 1:29

Penalties :
No Penalty

2nd period

2. Canucks , Morgan Rielly 3 (Ron Hainsey 8, Mitch Marner 18) at 0:10
3. Canucks , Chris Tierney 4 (Craig Smith 3, Morgan Rielly 14) at 4:18

Penalties :
Lawson Crouse (CHI) for Roughing (Minor) at 16:03

3rd period

4. BlackHawks , Curtis Lazar 5 (Lawson Crouse 8, Johnny Boychuk 2) at 12:11
5. BlackHawks , Jake Virtanen 5 (Phillip Danault 23, Ryan Ellis 18) at 14:30

Penalties :
Morgan Rielly (VAN) for Roughing (Minor) at 1:42, Adam Larsson (CHI) for Roughing (Minor) at 9:59

Goalie Stats

Jacob Markstrom (CHI), 33 saves from 35 shots - (0,943), W, 15-18-2, 60:00 minutes
Carey Price (VAN), 17 saves from 20 shots - (0,850), L, 17-14-2, 59:03 minutes

Players Stats for BlackHawks

Player Name              G  A  P  +/- PIM S  H  SB GA TA FO     MP     PP MP  PK MP  
------------------------------------------------------------------------------------
Adam Larsson             0  0  0   0  2   0  0  1  0  0  0/0    12:30   0:00   0:00 
Anze Kopitar             0  0  0  -1  0   3  0  0  0  0  15/24  25:22   0:52   1:29 
Ben Hutton               0  0  0   0  0   0  2  0  0  0  0/0     6:45   0:00   0:00 
Brandon Carlo            0  0  0   1  0   1  2  0  0  0  0/0    18:00   1:07   2:04 
Curtis Lazar             1  0  1   0  0   2  0  0  0  0  1/2    14:26   0:00   0:00 
Erik Johnson             0  0  0   0  0   0  1  0  0  0  0/0    22:44   0:52   1:54 
Ivan Barbashev           0  0  0   0  0   1  2  0  0  0  6/10    6:59   0:00   1:28 
Jaden Schwartz           0  0  0  -1  0   1  1  0  0  0  0/1    21:38   0:52   1:44 
Jake Virtanen            2  0  2   2  0   2  0  0  0  0  0/0    16:45   1:07   0:00 
Jared McCann             0  0  0   0  0   0  0  1  0  0  9/16   14:44   0:00   0:18 
John Marino              0  0  0   0  0   0  1  0  0  0  0/0     6:45   0:00   0:00 
Johnny Boychuk           0  1  1   0  0   1  2  0  0  0  0/0    12:31   0:00   0:00 
Justin Faulk             0  1  1   1  0   0  1  1  0  0  0/0    18:00   1:07   2:04 
Lawson Crouse            0  1  1   0  2   3  4  0  0  0  1/1    15:28   0:00   0:00 
Phil Kessel              0  0  0  -1  0   1  0  0  0  0  0/0    20:55   0:52   1:01 
Phillip Danault          0  2  2   2  0   2  0  0  0  0  12/21  22:59   1:07   1:56 
Ryan Ellis               0  1  1   0  0   0  0  1  0  0  0/0    22:44   0:52   1:54 
Scott Laughton           0  0  0   2  0   3  4  0  0  0  1/1    16:45   1:07   0:00 

Players Stats for Canucks

Player Name              G  A  P  +/- PIM S  H  SB GA TA FO     MP     PP MP  PK MP  
------------------------------------------------------------------------------------
Aaron Ekblad             0  0  0  -2  0   0  0  2  0  0  0/0    16:32   1:51   0:54 
Alex Pietrangelo         0  0  0   0  0   1  1  1  0  0  0/0    24:04   1:51   1:05 
Anthony Duclair          0  0  0   0  0   1  1  0  0  0  0/1    15:23   2:03   0:00 
Blake Coleman            0  0  0  -1  0   3  2  0  0  0  1/1    19:11   2:03   1:05 
Boone Jenner             0  0  0   0  0   2  2  2  0  0  0/3    16:53   0:00   0:54 
Brayden Point            0  0  0  -1  0   1  1  0  0  0  9/19   17:58   1:55   0:00 
Brock Boeser             0  0  0   0  0   4  2  0  0  0  0/1    17:43   1:44   0:00 
Chris Tierney            1  0  1   0  0   4  1  0  0  0  4/9     9:11   0:00   0:30 
Craig Smith              0  1  1   0  0   2  0  0  0  0  0/1     8:52   0:11   0:00 
Jake Muzzin              0  0  0   0  0   0  3  0  0  0  0/0    21:33   0:00   0:54 
Kevin Hayes              0  0  0   0  0   3  3  1  0  0  10/23  15:57   2:03   0:00 
Maxime Lajoie            0  0  0  -2  0   1  3  2  0  0  0/0    12:04   0:00   0:00 
Mitch Marner             0  1  1  -1  0   3  0  0  0  0  0/3    17:58   1:55   0:00 
Morgan Rielly            1  1  2   1  2   2  4  1  0  0  0/0    22:23   2:07   0:00 
Ron Hainsey              0  1  1   1  0   0  2  0  0  0  0/0    20:42   0:00   1:05 
Ryan O'Reilly            0  0  0   0  0   4  0  0  0  0  7/15   18:41   2:07   0:35 
Tanner Pearson           0  0  0   0  0   3  1  0  0  0  0/0    14:14   0:00   0:54 
Zach Sanford             0  0  0   0  0   1  1  0  0  0  0/0     8:41   0:00   0:00 

3 Stars

1 - Jake Virtanen (CHI)
2 - Morgan Rielly (VAN)
3 - Phillip Danault (CHI)

Power Play

BlackHawks - 0 on 1 Attempt(s) - 0,00%
Canucks - 0 on 2 Attempt(s) - 0,00%

Penalty Kill

BlackHawks - 2 on 2 Attempt(s) - 100,00% - Score 0 goal in Penalty Kill
Canucks - 1 on 1 Attempt(s) - 100,00% - Score 0 goal in Penalty Kill

Team Stat

BlackHawks - Hits : 20 - Faceoff Wins : 45 - Blocked Shots : 4 - Penalty Minutes : 4
Canucks - Hits : 27 - Faceoff Wins : 31 - Blocked Shots : 9 - Penalty Minutes : 2

Official

Referees : Pierre Lambert and TJ Luxmore
Linesman : Matt MacPherson and Bevan Mills

Game Notes

No Game Note

Finance

Level 1 -- Attendance: 6462 (99,42%) -- Ticket Income 710 820 $
Level 2 -- Attendance: 4737 (94,74%) -- Ticket Income 355 275 $
Level 3 -- Attendance: 3456 (98,74%) -- Ticket Income 190 080 $
Level 4 -- Attendance: 2570 (88,32%) -- Ticket Income 102 800 $
Luxury Box -- Attendance: 1000 (100,00%) -- Ticket Income 199 000 $
Game was played at the Rogers Arena.
Total Attendance: 18225 (96,38%)
Total Ticket Income: 1 557 975 $
Other Income: 763 408 $
Total Income: 2 321 383 $

% Time on Ice - BlackHawks

Lines # - Real PCT - Wanted PCT - Time Play
Normal Forward
1 - 35% - 40% - 18:38
2 - 29% - 30% - 15:38
3 - 27% - 20% - 14:26
4 - 9% - 10% - 4:57
Normal Defense
1 - 37% - 40% - 19:58
2 - 28% - 30% - 14:49
3 - 23% - 20% - 12:07
4 - 13% - 10% - 6:45
PP Forward
1 - 44% - 60% - 0:52
2 - 56% - 40% - 1:07
PP Defense
1 - 44% - 60% - 0:52
2 - 56% - 40% - 1:07
PK Forward
1 - 74% - 60% - 2:57
2 - 26% - 40% - 1:01
PK Defense
1 - 48% - 60% - 1:54
2 - 52% - 40% - 2:04
PK3 Forward
1 - 0% - 60%
2 - 0% - 40%
PK3 Defense
1 - 0% - 60%
2 - 0% - 40%
44 Forward
1 - 0% - 60%
2 - 0% - 40%
44 Defense
1 - 0% - 60%
2 - 0% - 40%
Last Minute Offensive  - 0:00
Last Minute Defensive  - 0:24
Total
Forward - 60:00
Defense - 60:00

% Time on Ice - Canucks

Lines # - Real PCT - Wanted PCT - Time Play
Normal Forward
1 - 29% - 33% - 15:25
2 - 30% - 33% - 16:03
3 - 25% - 28% - 13:20
4 - 16% - 6% - 8:41
Normal Defense
1 - 36% - 40% - 19:01
2 - 38% - 40% - 20:17
3 - 23% - 20% - 12:04
4 - 4% - 0% - 2:07
PP Forward
1 - 48% - 50% - 1:55
2 - 52% - 50% - 2:03
PP Defense
1 - 53% - 50% - 2:07
2 - 47% - 50% - 1:51
PK Forward
1 - 75% - 60% - 1:29
2 - 25% - 40% - 0:30
PK Defense
1 - 55% - 50% - 1:05
2 - 45% - 50% - 0:54
PK3 Forward
1 - 0% - 50%
2 - 0% - 50%
PK3 Defense
1 - 0% - 50%
2 - 0% - 50%
44 Forward
1 - 0% - 50%
2 - 0% - 50%
44 Defense
1 - 0% - 50%
2 - 0% - 50%
Last Minute Offensive  - 0:34
Last Minute Defensive  - 0:00
Total
Forward - 60:00
Defense - 60:00

Play-by-Play

1st period


0:01 of 1st period - Anze Kopitar wins face-off versus Ryan O'Reilly in neutral zone.
0:01 of 1st period - Jaden Schwartz is hit by Boone Jenner and loses puck.
0:19 of 1st period - Ryan O'Reilly is hit by Jaden Schwartz and loses puck.
1:18 of 1st period - Blake Coleman is hit by Scott Laughton and loses puck.
1:29 of 1st period - Shot by Jake Virtanen.
1:29 of 1st period - Goal by Jake Virtanen - BlackHawks : 1 - Canucks : 0.
1:30 of 1st period - Kevin Hayes wins face-off versus Jared McCann in neutral zone.
1:40 of 1st period - Kevin Hayes is hit by Lawson Crouse.
2:00 of 1st period - Shot by Lawson Crouse.
2:00 of 1st period - Shot Blocked by Kevin Hayes.
2:08 of 1st period - Shot by Lawson Crouse.
2:08 of 1st period - Stopped by Carey Price without a rebound.
2:09 of 1st period - Chris Tierney wins face-off versus Ivan Barbashev in Canucks zone.
2:19 of 1st period - Icing by Ivan Barbashev.
2:20 of 1st period - Blake Coleman wins face-off versus Anze Kopitar in BlackHawks zone.
2:21 of 1st period - Shot by Brayden Point.
2:21 of 1st period - Shot Misses the Net.
2:45 of 1st period - Icing by Mitch Marner.
2:46 of 1st period - Jared McCann wins face-off versus Brayden Point in Canucks zone.
3:16 of 1st period - Blake Coleman is hit by Brandon Carlo.
3:36 of 1st period - Curtis Lazar is hit by Brock Boeser.
4:03 of 1st period - Shot by Brock Boeser.
4:03 of 1st period - Shot Blocked by Justin Faulk.
5:08 of 1st period - Shot by Phillip Danault.
5:08 of 1st period - Deflect By Scott Laughton.
5:08 of 1st period - Shot Misses the Net.
5:12 of 1st period - Shot by Phillip Danault.
5:12 of 1st period - Stopped by Carey Price without a rebound.
5:13 of 1st period - Phillip Danault wins face-off versus Chris Tierney in Canucks zone.
5:15 of 1st period - Jake Virtanen is hit by Morgan Rielly and loses puck.
5:20 of 1st period - Shot by Scott Laughton.
5:20 of 1st period - Stopped by Carey Price without a rebound.
5:21 of 1st period - Ryan O'Reilly wins face-off versus Phillip Danault in Canucks zone.
5:34 of 1st period - Shot by Brock Boeser.
5:34 of 1st period - Shot Misses the Net.
5:36 of 1st period - Shot by Alex Pietrangelo.
5:36 of 1st period - Deflect By Ryan O'Reilly.
5:36 of 1st period - Stopped by Jacob Markstrom without a rebound.
5:37 of 1st period - Brayden Point wins face-off versus Ivan Barbashev in BlackHawks zone.
5:54 of 1st period - Shot by Anze Kopitar.
5:54 of 1st period - Stopped by Carey Price without a rebound.
5:55 of 1st period - Anze Kopitar wins face-off versus Ryan O'Reilly in Canucks zone.
5:55 of 1st period - Anze Kopitar is hit by Jake Muzzin.
6:57 of 1st period - Off-side.
6:58 of 1st period - Jared McCann wins face-off versus Kevin Hayes in neutral zone.
7:00 of 1st period - Curtis Lazar is hit by Tanner Pearson and loses puck.
7:05 of 1st period - Justin Faulk is hit by Kevin Hayes and loses puck.
7:20 of 1st period - Shot by Kevin Hayes.
7:20 of 1st period - Stopped by Jacob Markstrom without a rebound.
7:21 of 1st period - Phillip Danault wins face-off versus Brayden Point in BlackHawks zone.
7:26 of 1st period - Shot by Phillip Danault.
7:26 of 1st period - Shot Blocked by Maxime Lajoie.
7:37 of 1st period - Shot by Blake Coleman.
7:37 of 1st period - Shot Blocked by Adam Larsson.
7:53 of 1st period - Shot by Mitch Marner.
7:53 of 1st period - Stopped by Jacob Markstrom with a rebound.
8:23 of 1st period - Shot by Craig Smith.
8:23 of 1st period - Deflect By Zach Sanford.
8:23 of 1st period - Stopped by Jacob Markstrom without a rebound.
8:24 of 1st period - Kevin Hayes wins face-off versus Anze Kopitar in BlackHawks zone.
9:31 of 1st period - Curtis Lazar is hit by Brock Boeser and loses puck.
10:29 of 1st period - Mitch Marner is hit by Scott Laughton.
10:39 of 1st period - Shot by Brayden Point.
10:39 of 1st period - Shot Hit the Post.
10:45 of 1st period - Shot by Brayden Point.
10:45 of 1st period - Shot Misses the Net.
10:50 of 1st period - Mitch Marner is hit by Ben Hutton and loses puck.
10:53 of 1st period - Shot by Mitch Marner.
10:53 of 1st period - Stopped by Jacob Markstrom without a rebound.
10:54 of 1st period - Chris Tierney wins face-off versus Ivan Barbashev in BlackHawks zone.
11:54 of 1st period - Anze Kopitar is hit by Anthony Duclair and loses puck.
12:03 of 1st period - Shot by Kevin Hayes.
12:03 of 1st period - Stopped by Jacob Markstrom with a rebound.
12:05 of 1st period - Shot by Maxime Lajoie.
12:05 of 1st period - Stopped by Jacob Markstrom without a rebound.
12:06 of 1st period - Jared McCann wins face-off versus Brayden Point in BlackHawks zone.
12:06 of 1st period - Jared McCann is hit by Blake Coleman.
12:35 of 1st period - Icing by Ryan Ellis.
12:36 of 1st period - Jared McCann wins face-off versus Ryan O'Reilly in BlackHawks zone.
12:36 of 1st period - Jared McCann is hit by Boone Jenner.
12:48 of 1st period - Shot by Lawson Crouse.
12:48 of 1st period - Stopped by Carey Price without a rebound.
12:49 of 1st period - Anze Kopitar wins face-off versus Kevin Hayes in Canucks zone.
13:01 of 1st period - Off-side.
13:02 of 1st period - Lawson Crouse wins face-off versus Brayden Point in neutral zone.
13:21 of 1st period - Shot by Mitch Marner.
13:21 of 1st period - Shot Misses the Net.
14:03 of 1st period - Off-side.
14:04 of 1st period - Phillip Danault wins face-off versus Kevin Hayes in neutral zone.
14:12 of 1st period - Shot by Anthony Duclair.
14:12 of 1st period - Stopped by Jacob Markstrom without a rebound.
14:13 of 1st period - Jared McCann wins face-off versus Ryan O'Reilly in BlackHawks zone.
14:33 of 1st period - Icing by Jake Muzzin.
14:34 of 1st period - Phillip Danault wins face-off versus Brock Boeser in Canucks zone.
14:53 of 1st period - Shot by Scott Laughton.
14:53 of 1st period - Stopped by Carey Price without a rebound.
14:54 of 1st period - Kevin Hayes wins face-off versus Anze Kopitar in Canucks zone.
15:05 of 1st period - Shot by Kevin Hayes.
15:05 of 1st period - Shot Misses the Net.
15:21 of 1st period - Shot by Anthony Duclair.
15:21 of 1st period - Deflect By Tanner Pearson.
15:21 of 1st period - Stopped by Jacob Markstrom without a rebound.
15:22 of 1st period - Brayden Point wins face-off versus Phillip Danault in BlackHawks zone.
15:32 of 1st period - Off-side.
15:33 of 1st period - Ryan O'Reilly wins face-off versus Jared McCann in neutral zone.
15:46 of 1st period - Shot by Boone Jenner.
15:46 of 1st period - Deflect By Brock Boeser.
15:46 of 1st period - Shot Misses the Net.
15:54 of 1st period - Shot by Boone Jenner.
15:54 of 1st period - Shot Misses the Net.
15:56 of 1st period - Shot by Ryan O'Reilly.
15:56 of 1st period - Deflect By Brock Boeser.
15:56 of 1st period - Stopped by Jacob Markstrom without a rebound.
15:57 of 1st period - Anze Kopitar wins face-off versus Mitch Marner in BlackHawks zone.
16:33 of 1st period - Shot by Blake Coleman.
16:33 of 1st period - Stopped by Jacob Markstrom without a rebound.
16:34 of 1st period - Kevin Hayes wins face-off versus Phillip Danault in BlackHawks zone.
17:07 of 1st period - Icing by Alex Pietrangelo.
17:08 of 1st period - Curtis Lazar wins face-off versus Kevin Hayes in Canucks zone.
17:12 of 1st period - Icing by Alex Pietrangelo.
17:13 of 1st period - Anze Kopitar wins face-off versus Kevin Hayes in Canucks zone.
17:25 of 1st period - Icing by Kevin Hayes.
17:26 of 1st period - Kevin Hayes wins face-off versus Jared McCann in Canucks zone.
17:26 of 1st period - Kevin Hayes is hit by Lawson Crouse.
17:54 of 1st period - Shot by Curtis Lazar.
17:54 of 1st period - Stopped by Carey Price without a rebound.
17:55 of 1st period - Anze Kopitar wins face-off versus Ryan O'Reilly in Canucks zone.
17:55 of 1st period - Anze Kopitar is hit by Morgan Rielly.
18:07 of 1st period - Shot by Brock Boeser.
18:07 of 1st period - Stopped by Jacob Markstrom without a rebound.
18:08 of 1st period - Phillip Danault wins face-off versus Mitch Marner in BlackHawks zone.
18:14 of 1st period - Off-side.
18:15 of 1st period - Brayden Point wins face-off versus Anze Kopitar in neutral zone.
18:39 of 1st period - Shot by Mitch Marner.
18:39 of 1st period - Stopped by Jacob Markstrom without a rebound.
18:40 of 1st period - Phillip Danault wins face-off versus Ryan O'Reilly in BlackHawks zone.
19:52 of 1st period - Shot by Mitch Marner.
19:52 of 1st period - Shot Hit the Post.
Goals for this period are 1 for BlackHawks vs 0 for Canucks.
Shots for this period are 8 for BlackHawks vs 13 for Canucks.

2nd period


0:01 of 2nd period - Brayden Point wins face-off versus Anze Kopitar in neutral zone.
0:06 of 2nd period - Shot by Morgan Rielly.
0:06 of 2nd period - Shot Blocked by Ryan Ellis.
0:08 of 2nd period - Shot by Ron Hainsey.
0:08 of 2nd period - Shot Misses the Net.
0:10 of 2nd period - Shot by Morgan Rielly.
0:10 of 2nd period - Goal by Morgan Rielly - BlackHawks : 1 - Canucks : 1.
0:11 of 2nd period - Phillip Danault wins face-off versus Kevin Hayes in neutral zone.
0:21 of 2nd period - Anthony Duclair is hit by Justin Faulk and loses puck.
0:27 of 2nd period - Icing by Justin Faulk.
0:28 of 2nd period - Phillip Danault wins face-off versus Brayden Point in BlackHawks zone.
0:54 of 2nd period - Shot by Scott Laughton.
0:54 of 2nd period - Stopped by Carey Price with a rebound.
1:10 of 2nd period - Shot by Mitch Marner.
1:10 of 2nd period - Shot Misses the Net.
2:14 of 2nd period - Shot by Johnny Boychuk.
2:14 of 2nd period - Stopped by Carey Price without a rebound.
2:15 of 2nd period - Phillip Danault wins face-off versus Anthony Duclair in Canucks zone.
2:47 of 2nd period - Tanner Pearson is hit by John Marino and loses puck.
3:10 of 2nd period - Adam Larsson is hit by Kevin Hayes and loses puck.
3:20 of 2nd period - Lawson Crouse is hit by Alex Pietrangelo and loses puck.
3:36 of 2nd period - Shot by Lawson Crouse.
3:36 of 2nd period - Stopped by Carey Price with a rebound.
4:18 of 2nd period - Shot by Chris Tierney.
4:18 of 2nd period - Goal by Chris Tierney - BlackHawks : 1 - Canucks : 2.
4:19 of 2nd period - Anze Kopitar wins face-off versus Craig Smith in neutral zone.
4:50 of 2nd period - Shot by Phil Kessel.
4:50 of 2nd period - Deflect By Jaden Schwartz.
4:50 of 2nd period - Shot Blocked by Alex Pietrangelo.
4:56 of 2nd period - Shot by Anze Kopitar.
4:56 of 2nd period - Shot Misses the Net.
5:32 of 2nd period - Icing by Ron Hainsey.
5:33 of 2nd period - Brayden Point wins face-off versus Ivan Barbashev in Canucks zone.
6:03 of 2nd period - Brayden Point is hit by Ben Hutton and loses puck.
6:28 of 2nd period - Ryan O'Reilly is hit by Lawson Crouse and loses puck.
7:05 of 2nd period - Brock Boeser is hit by Ivan Barbashev and loses puck.
7:34 of 2nd period - Shot by Ivan Barbashev.
7:34 of 2nd period - Stopped by Carey Price without a rebound.
7:35 of 2nd period - Chris Tierney wins face-off versus Phillip Danault in Canucks zone.
7:55 of 2nd period - Shot by Craig Smith.
7:55 of 2nd period - Stopped by Jacob Markstrom without a rebound.
7:56 of 2nd period - Anze Kopitar wins face-off versus Kevin Hayes in BlackHawks zone.
7:56 of 2nd period - Anze Kopitar is hit by Kevin Hayes.
8:22 of 2nd period - Tanner Pearson is hit by Brandon Carlo and loses puck.
8:27 of 2nd period - Shot by Kevin Hayes.
8:27 of 2nd period - Deflect By Tanner Pearson.
8:27 of 2nd period - Stopped by Jacob Markstrom without a rebound.
8:28 of 2nd period - Jared McCann wins face-off versus Ryan O'Reilly in BlackHawks zone.
8:50 of 2nd period - Icing by Morgan Rielly.
8:51 of 2nd period - Phillip Danault wins face-off versus Boone Jenner in Canucks zone.
8:51 of 2nd period - Phillip Danault is hit by Ron Hainsey.
9:03 of 2nd period - Shot by Phillip Danault.
9:03 of 2nd period - Shot Misses the Net.
9:05 of 2nd period - Shot by Phillip Danault.
9:05 of 2nd period - Stopped by Carey Price without a rebound.
9:06 of 2nd period - Anze Kopitar wins face-off versus Brayden Point in Canucks zone.
10:33 of 2nd period - Shot by Tanner Pearson.
10:33 of 2nd period - Deflect By Kevin Hayes.
10:33 of 2nd period - Shot Misses the Net.
10:54 of 2nd period - Shot by Ryan O'Reilly.
10:54 of 2nd period - Stopped by Jacob Markstrom without a rebound.
10:55 of 2nd period - Jared McCann wins face-off versus Chris Tierney in BlackHawks zone.
10:55 of 2nd period - Jared McCann is hit by Chris Tierney.
11:05 of 2nd period - Aaron Ekblad is hit by Lawson Crouse and loses puck.
11:13 of 2nd period - Curtis Lazar is hit by Maxime Lajoie and loses puck.
11:30 of 2nd period - Shot by Adam Larsson.
11:30 of 2nd period - Shot Misses the Net.
11:32 of 2nd period - Shot by Adam Larsson.
11:32 of 2nd period - Shot Blocked by Maxime Lajoie.
12:07 of 2nd period - Icing by Aaron Ekblad.
12:08 of 2nd period - Chris Tierney wins face-off versus Anze Kopitar in Canucks zone.
12:24 of 2nd period - Ryan Ellis is hit by Zach Sanford and loses puck.
12:41 of 2nd period - Shot by Anze Kopitar.
12:41 of 2nd period - Shot Blocked by Boone Jenner.
13:34 of 2nd period - Shot by Brayden Point.
13:34 of 2nd period - Shot Misses the Net.
13:36 of 2nd period - Shot by Blake Coleman.
13:36 of 2nd period - Shot Misses the Net.
14:52 of 2nd period - Shot by Anthony Duclair.
14:52 of 2nd period - Deflect By Tanner Pearson.
14:52 of 2nd period - Stopped by Jacob Markstrom with a rebound.
15:03 of 2nd period - Icing by Adam Larsson.
15:04 of 2nd period - Ryan O'Reilly wins face-off versus Jared McCann in BlackHawks zone.
15:07 of 2nd period - Shot by Brock Boeser.
15:07 of 2nd period - Shot Misses the Net.
15:11 of 2nd period - Shot by Ryan O'Reilly.
15:11 of 2nd period - Stopped by Jacob Markstrom without a rebound.
15:12 of 2nd period - Ryan O'Reilly wins face-off versus Phillip Danault in BlackHawks zone.
15:21 of 2nd period - Shot by Ryan O'Reilly.
15:21 of 2nd period - Stopped by Jacob Markstrom with a rebound.
16:03 of 2nd period - Minor Penalty to Lawson Crouse for Roughing.
16:04 of 2nd period - Ivan Barbashev wins face-off versus Brayden Point in BlackHawks zone.
16:24 of 2nd period - Mitch Marner is hit by Ivan Barbashev and loses puck.
16:59 of 2nd period - Shot by Brock Boeser.
16:59 of 2nd period - Shot Misses the Net.
17:09 of 2nd period - Shot by Alex Pietrangelo.
17:09 of 2nd period - Stopped by Jacob Markstrom without a rebound.
17:10 of 2nd period - Anze Kopitar wins face-off versus Kevin Hayes in BlackHawks zone.
17:14 of 2nd period - Off-side.
17:15 of 2nd period - Anze Kopitar wins face-off versus Brayden Point in neutral zone.
17:32 of 2nd period - Off-side.
17:33 of 2nd period - Kevin Hayes wins face-off versus Jaden Schwartz in neutral zone.
17:42 of 2nd period - Shot by Morgan Rielly.
17:42 of 2nd period - Shot Misses the Net.
17:44 of 2nd period - Shot by Kevin Hayes.
17:44 of 2nd period - Shot Misses the Net.
17:46 of 2nd period - Shot by Morgan Rielly.
17:46 of 2nd period - Shot Misses the Net.
18:10 of 2nd period - Shot by Chris Tierney.
18:10 of 2nd period - Stopped by Jacob Markstrom with a rebound.
18:12 of 2nd period - Shot by Jake Muzzin.
18:12 of 2nd period - Shot Blocked by Jared McCann.
18:14 of 2nd period - Shot by Craig Smith.
18:14 of 2nd period - Stopped by Jacob Markstrom with a rebound.
18:39 of 2nd period - Icing by Alex Pietrangelo.
18:40 of 2nd period - Phillip Danault wins face-off versus Chris Tierney in Canucks zone.
19:03 of 2nd period - Jake Virtanen is hit by Jake Muzzin and loses puck.
19:48 of 2nd period - Shot by Brayden Point.
19:48 of 2nd period - Shot Misses the Net.
Goals for this period are 0 for BlackHawks vs 2 for Canucks.
Shots for this period are 5 for BlackHawks vs 11 for Canucks.

3rd period


0:01 of 3rd period - Ryan O'Reilly wins face-off versus Anze Kopitar in neutral zone.
0:20 of 3rd period - Shot by Alex Pietrangelo.
0:20 of 3rd period - Shot Misses the Net.
0:33 of 3rd period - Shot by Anze Kopitar.
0:33 of 3rd period - Shot Hit the Post.
1:16 of 3rd period - Icing by Morgan Rielly.
1:17 of 3rd period - Kevin Hayes wins face-off versus Jared McCann in Canucks zone.
1:32 of 3rd period - Curtis Lazar is hit by Morgan Rielly and loses puck.
1:40 of 3rd period - Icing by Morgan Rielly.
1:41 of 3rd period - Ivan Barbashev wins face-off versus Kevin Hayes in Canucks zone.
1:41 of 3rd period - Ivan Barbashev is hit by Ron Hainsey.
1:42 of 3rd period - Minor Penalty to Morgan Rielly for Roughing.
1:43 of 3rd period - Anze Kopitar wins face-off versus Boone Jenner in Canucks zone.
1:50 of 3rd period - Shot by Jaden Schwartz.
1:50 of 3rd period - Shot Blocked by Boone Jenner.
2:24 of 3rd period - Shot by Erik Johnson.
2:24 of 3rd period - Shot Misses the Net.
3:02 of 3rd period - Shot by Phillip Danault.
3:02 of 3rd period - Shot Misses the Net.
3:49 of 3rd period - Shot by Jared McCann.
3:49 of 3rd period - Shot Misses the Net.
4:01 of 3rd period - Chris Tierney is hit by Johnny Boychuk and loses puck.
5:21 of 3rd period - Shot by Boone Jenner.
5:21 of 3rd period - Stopped by Jacob Markstrom without a rebound.
5:22 of 3rd period - Ivan Barbashev wins face-off versus Brayden Point in BlackHawks zone.
5:39 of 3rd period - Shot by Blake Coleman.
5:39 of 3rd period - Stopped by Jacob Markstrom without a rebound.
5:40 of 3rd period - Ryan O'Reilly wins face-off versus Jared McCann in BlackHawks zone.
5:45 of 3rd period - Shot by Brock Boeser.
5:45 of 3rd period - Shot Misses the Net.
5:47 of 3rd period - Shot by Ryan O'Reilly.
5:47 of 3rd period - Deflect By Brock Boeser.
5:47 of 3rd period - Stopped by Jacob Markstrom with a rebound.
5:49 of 3rd period - Shot by Boone Jenner.
5:49 of 3rd period - Stopped by Jacob Markstrom without a rebound.
5:50 of 3rd period - Scott Laughton wins face-off versus Ryan O'Reilly in BlackHawks zone.
6:10 of 3rd period - Morgan Rielly is hit by Scott Laughton and loses puck.
6:28 of 3rd period - Shot by Morgan Rielly.
6:28 of 3rd period - Stopped by Jacob Markstrom without a rebound.
6:29 of 3rd period - Brayden Point wins face-off versus Curtis Lazar in BlackHawks zone.
6:41 of 3rd period - Shot by Brayden Point.
6:41 of 3rd period - Shot Hit the Post.
6:51 of 3rd period - Shot by Brayden Point.
6:51 of 3rd period - Stopped by Jacob Markstrom without a rebound.
6:52 of 3rd period - Kevin Hayes wins face-off versus Anze Kopitar in BlackHawks zone.
6:52 of 3rd period - Kevin Hayes is hit by Johnny Boychuk.
7:24 of 3rd period - Shot by Jaden Schwartz.
7:24 of 3rd period - Stopped by Carey Price without a rebound.
7:25 of 3rd period - Brayden Point wins face-off versus Phillip Danault in Canucks zone.
7:25 of 3rd period - Brayden Point is hit by Scott Laughton.
7:32 of 3rd period - Icing by Ryan Ellis.
7:33 of 3rd period - Brayden Point wins face-off versus Phillip Danault in BlackHawks zone.
8:36 of 3rd period - Shot by Anze Kopitar.
8:36 of 3rd period - Stopped by Carey Price with a rebound.
8:53 of 3rd period - Icing by Justin Faulk.
8:54 of 3rd period - Anze Kopitar wins face-off versus Boone Jenner in BlackHawks zone.
9:59 of 3rd period - Minor Penalty to Adam Larsson for Roughing.
10:00 of 3rd period - Ivan Barbashev wins face-off versus Kevin Hayes in BlackHawks zone.
10:07 of 3rd period - Shot by Kevin Hayes.
10:07 of 3rd period - Stopped by Jacob Markstrom without a rebound.
10:08 of 3rd period - Phillip Danault wins face-off versus Kevin Hayes in BlackHawks zone.
10:30 of 3rd period - Icing by Aaron Ekblad.
10:31 of 3rd period - Ivan Barbashev wins face-off versus Kevin Hayes in Canucks zone.
10:38 of 3rd period - Shot by Alex Pietrangelo.
10:38 of 3rd period - Deflect By Kevin Hayes.
10:38 of 3rd period - Shot Misses the Net.
11:32 of 3rd period - Erik Johnson is hit by Blake Coleman and loses puck.
12:05 of 3rd period - Shot by Curtis Lazar.
12:05 of 3rd period - Shot Blocked by Aaron Ekblad.
12:09 of 3rd period - Shot by Lawson Crouse.
12:09 of 3rd period - Shot Blocked by Aaron Ekblad.
12:11 of 3rd period - Shot by Curtis Lazar.
12:11 of 3rd period - Goal by Curtis Lazar - BlackHawks : 2 - Canucks : 2.
12:12 of 3rd period - Kevin Hayes wins face-off versus Jared McCann in neutral zone.
12:22 of 3rd period - Jared McCann is hit by Jake Muzzin and loses puck.
13:02 of 3rd period - Anthony Duclair is hit by Erik Johnson and loses puck.
13:19 of 3rd period - Shot by Chris Tierney.
13:19 of 3rd period - Stopped by Jacob Markstrom with a rebound.
13:21 of 3rd period - Shot by Chris Tierney.
13:21 of 3rd period - Stopped by Jacob Markstrom without a rebound.
13:22 of 3rd period - Ryan O'Reilly wins face-off versus Anze Kopitar in BlackHawks zone.
13:57 of 3rd period - Shot by Phil Kessel.
13:57 of 3rd period - Shot Misses the Net.
13:59 of 3rd period - Shot by Anze Kopitar.
13:59 of 3rd period - Shot Misses the Net.
14:01 of 3rd period - Shot by Jaden Schwartz.
14:01 of 3rd period - Shot Misses the Net.
14:03 of 3rd period - Shot by Brandon Carlo.
14:03 of 3rd period - Stopped by Carey Price without a rebound.
14:04 of 3rd period - Brayden Point wins face-off versus Phillip Danault in Canucks zone.
14:09 of 3rd period - Shot by Aaron Ekblad.
14:09 of 3rd period - Shot Misses the Net.
14:14 of 3rd period - Jake Virtanen is hit by Brayden Point.
14:19 of 3rd period - Ryan Ellis is hit by Maxime Lajoie and loses puck.
14:25 of 3rd period - Phillip Danault is hit by Maxime Lajoie and loses puck.
14:30 of 3rd period - Shot by Jake Virtanen.
14:30 of 3rd period - Goal by Jake Virtanen - BlackHawks : 3 - Canucks : 2.
14:31 of 3rd period - Jared McCann wins face-off versus Chris Tierney in neutral zone.
15:25 of 3rd period - Icing by Morgan Rielly.
15:26 of 3rd period - Anze Kopitar wins face-off versus Brayden Point in Canucks zone.
15:32 of 3rd period - Shot by Phil Kessel.
15:32 of 3rd period - Stopped by Carey Price without a rebound.
15:33 of 3rd period - Anze Kopitar wins face-off versus Kevin Hayes in Canucks zone.
15:33 of 3rd period - Anze Kopitar is hit by Morgan Rielly.
15:45 of 3rd period - Shot by Jaden Schwartz.
15:45 of 3rd period - Shot Misses the Net.
15:51 of 3rd period - Shot by Jaden Schwartz.
15:51 of 3rd period - Shot Misses the Net.
15:53 of 3rd period - Shot by Erik Johnson.
15:53 of 3rd period - Deflect By Jaden Schwartz.
15:53 of 3rd period - Shot Blocked by Morgan Rielly.
15:58 of 3rd period - Icing by Morgan Rielly.
15:59 of 3rd period - Kevin Hayes wins face-off versus Phillip Danault in Canucks zone.
17:09 of 3rd period - Shot by Blake Coleman.
17:09 of 3rd period - Stopped by Jacob Markstrom with a rebound.
17:21 of 3rd period - Shot by Anze Kopitar.
17:21 of 3rd period - Stopped by Carey Price with a rebound.
17:33 of 3rd period - Shot by Brock Boeser.
17:33 of 3rd period - Stopped by Jacob Markstrom without a rebound.
17:34 of 3rd period - Jared McCann wins face-off versus Chris Tierney in BlackHawks zone.
18:35 of 3rd period - Off-side.
18:36 of 3rd period - Ivan Barbashev wins face-off versus Mitch Marner in neutral zone.
18:53 of 3rd period - Shot by Phillip Danault.
18:53 of 3rd period - Shot Misses the Net.
19:03 of 3rd period - Canucks, Carey Price is pulled from the net.
Goals for this period are 2 for BlackHawks vs 0 for Canucks.
Shots for this period are 7 for BlackHawks vs 11 for Canucks.